 Dungeon Crawl Stone Soup version 0.26.0-10-g1f06aea511 (webtiles) character file.

Game seed: 10837640213585654682

42 Cokeysmoke the Gusty (level 3, 0/19 HPs)
             Began as a Tengu Air Elementalist on Jan 29, 2021.
             Slain by a hound (6 damage)
             ... on level 2 of the Dungeon.
             The game lasted 00:06:31 (1428 turns).

Cokeysmoke the Gusty (Tengu Air Elementalist)       Turns: 1428, Time: 00:06:32

Health: 0/19       AC:  3    Str:  8    XL:     3   Next: 56%
Magic:  0/7        EV: 13    Int: 16    God:
Gold:   64         SH:  0    Dex: 14    Spells: 3/6 levels left

rFire    + . .     SeeInvis .   b - +0 whip
rCold    + . .     Faith    .   (no shield)
rNeg     . . .     Spirit   .   a - +0 robe
rPois    +         Reflect  .   (helmet restricted)
rElec    +         Harm     .   i - +0 cloak
rCorr    +         Rampage  .   (no gloves)
Will     .....                  (boots unavailable)
Stlth    ++........             (no amulet)
HPRegen  0.06/turn              k - ring of resist corrosion
MPRegen  0.10/turn              (no ring)

@: swift, resistant, quick
A: beak, talons 3
a: no special abilities


You were on level 2 of the Dungeon.
You visited 1 branch of the dungeon, and saw 2 of its levels.

You collected 64 gold pieces.

Inventory:

Hand Weapons
 b - a +0 whip (weapon)
 c - a +0 dagger
Armour
 a - a +0 robe (worn)
 g - a +0 leather armour
 i - a +0 cloak (worn)
Jewellery
 k - a ring of resist corrosion (left hand)
Scrolls
 e - 2 scrolls of teleportation {unknown}
 f - a scroll of enchant armour {unknown}
 h - 2 scrolls of identify {unknown}
 j - 4 scrolls of immolation {unknown}


   Skills:
 + Level 0.5 Maces & Flails
 + Level 2.7 Dodging
 - Level 2.0 Stealth
 + Level 2.3 Spellcasting
 + Level 2.2 Conjurations
 * Level 4.7 Air Magic


You had 3 spell levels left.
You knew the following spells:

 Your Spells              Type           Power        Failure   Level
a - Shock                 Conj/Air       52%          4%          1
b - Swiftness             Air            16%          4%          2

Your spell library contained the following spells:

 Spells                   Type           Power        Failure   Level
 Static Discharge         Conj/Air       13%          14%         3
 Airstrike                Air            8%           28%         4
 Lightning Bolt           Conj/Air       6%           80%         5


Dungeon Overview and Level Annotations

Branches:
Dungeon (2/15)

Altars:


Innate Abilities, Weirdness & Mutations

You have a beak for a mouth.
You have claws for feet.


Message History

The zap hits the hound.
The hound is moderately wounded.
The hound bites you.
A kobold comes into view. It is wielding a +0 dagger.
The hound bites you.
It was a potion of resistance.
You feel protected. The hound bites you.
The hound bites you but does no damage. The hound closely misses you.
The hound bites you but does no damage. The hound bites you.
The hound barely misses you. The hound barely misses you.
The hound bites you but does no damage.
Found a scroll labelled MEESIVOXKO.
Casting: Shock (safe; 4% risk of failure)
Confirm with . or Enter, or press ? or * to list all spells.
You feel quick. The hound barely misses you. The hound bites you.
You die...

#? .####.
......###
........#
........#
........# #
........# # #@# #
#h# # #####.# #
#.....# # #.....#
######
#.(.(.########
.....#
#..(.........#
####.#
####............#
..(#.#
#....###........#


You could see a hound.

Vanquished Creatures
  3 dart slugs
  2 leopard geckos (D:2)
  2 giant cockroaches (D:1)
  4 goblins
  4 hobgoblins
  2 jackals (D:2)
  5 bats (D:1)
  2 frilled lizards (D:1)
  3 kobolds
  5 rats (D:1)
32 creatures vanquished.

Notes
Turn   | Place    | Note
-------+----------+-------------------------------------------
     0 | D:1      | Cokeysmoke the Tengu Air Elementalist began the quest for
                  | the Orb.
     0 | D:1      | Reached XP level 1. HP: 10/10 MP: 4/4
   476 | D:1      | Reached XP level 2. HP: 15/15 MP: 3/6
   523 | D:1      | Learned a level 2 spell: Swiftness
   902 | D:1      | Reached XP level 3. HP: 19/19 MP: 3/7
  1428 | D:2      | Slain by a hound

Illustrated notes

Levels and vault maps discovered:
D:1:      grunt_arrival_lava_bath, layout_basic
D:2:      layout_basic, nicolae_overflow_crystal_walls, old_standard_altar

Skill      XL: |  1  2 |
---------------+-------+-----
Conjurations   | 2 |  2.2
Maces & Flails | |  0.5
Dodging        | |  2.7
Stealth        | |  2.0
Spellcasting   | |  2.3
Air Magic      | |  4.7

Action                   || total
-------------------------++-------
Melee: Whip              ||    10
 Cast: Shock             ||    59
       Swiftness         ||     1
  Use: Potion            ||     1
Armor: Robe              ||     5
Dodge: Dodged            ||    16
